Map: Frost LE

Players

ViBE - Winner!

  • Race: Zerg Zerg
  • League: Grandmaster

McGregor

  • Race: Terran Terran
  • League: Grandmaster

VOD

Have the link to the VOD?

Description

Time

  • Played on: July 6, 2016, 11:44 p.m.
  • Length: 13:05
Show
View Real Time Build Order
Export as new Build Order

ViBE Zerg - Winner!

Build Orders: Hatch First 

Get SALT Encoding   

  12  0:01  Drone  
  13  0:13  Overlord  
  13  0:18  Drone  
  14  0:32  Drone x2  
  16  0:37  Drone  
  17  0:53  Hatchery  
  16  0:58  Drone  
  16  1:01  Drone  
  18  1:13  Spawning Pool  
  18  1:16  Drone  
  18  1:19  Extractor  
  18  1:22  Drone  
  18  1:29  Drone  
  19  1:41  Drone  
  20  1:54  Overlord  
  20  2:00  Queen  
  22  2:05  Queen  
  24  2:09  Overlord  
  24  2:15  Zergling x2  
  24  2:16  Zergling x2  
  26  2:22  Metabolic Boost  
  26  2:28  Drone x2  
  28  2:31  Drone  
  28  2:36  Queen  
  31  2:43  Queen  
  33  2:47  Drone x3  
  36  3:03  Hatchery  
  35  3:14  Queen  
  35  3:19  Queen  
  40  3:20  Drone x2  
  40  3:24  Overlord  
  41  3:28  Drone x2  
  43  3:34  Overlord  
  43  3:49  Drone x8  
  49  3:58  Drone x5  
  54  4:04  Queen  
  56  4:14  Queen  
  58  4:18  Overlord  
  58  4:19  Overlord  
  58  4:20  Drone  
  58  4:21  Drone x2  
  61  4:37  Drone x9  
  70  4:46  Queen  
  72  4:56  Hatchery  
  71  5:02  Extractor  
  71  5:06  Extractor, Drone x4  
  71  5:07  Drone x2  
  75  5:09  Drone x3  
  75  5:10  Overlord x2  
  75  5:11  Hatchery  
  77  5:20  Zergling x4  
  77  5:21  Zergling x6  
  82  5:27  Queen  
  84  5:29  Drone  
  84  5:30  Zergling x6  
  88  5:38  Zergling x10  
  93  5:43  Drone  
  93  5:45  Hatchery  
  93  5:54  Lair  
  93  5:55  Hatchery  
  92  5:57  Drone  
  92  5:58  Drone x2  
  92  5:59  Evolution Chamber  
  92  6:00  Evolution Chamber  
  92  6:01  Baneling Nest  
  92  6:07  Overlord x3, Queen  
  93  6:21  Overlord x3  
  93  6:36  Zergling x8  
  93  6:37  Zergling x24  
  93  6:38  Zerg Melee Weapons Level 1, Zerg Ground Armor Level 1  
  109  6:42  Zergling x8  
  109  6:43  Zergling x2  
  109  6:47  Zergling x6  
  115  6:57  Centrifical Hooks  
  115  7:02  Drone x11  
  115  7:03  Drone  
  127  7:17  Extractor, Infestation Pit, Drone  
  127  7:18  Drone x2  
  127  7:19  Zergling x18  
  127  7:20  Zergling x2  
  138  7:28  Zergling x2  
  138  7:29  Zergling x14  
  137  7:49  Zergling x26  
  137  7:50  Zergling x12  
  145  8:07  Overlord x4  
  145  8:12  Zergling x16  
  153  8:24  Hive  
  153  8:30  Zergling x2  
  153  8:31  Zergling x42  
  172  8:40  Zerg Ground Armor Level 2, Zerg Melee Weapons Level 2  
  169  8:42  Zergling x14  
  175  8:50  Zergling x4  
  130  9:10  Zergling x34  
  146  9:20  Zergling x30  
  155  9:36  Zergling x2  
  155  9:37  Zergling x28  
  152  9:47  Zergling x12  
  152  9:48  Zergling x2  
  152  9:51  Adrenal Glands  
  158  9:53  Ultralisk Cavern  
  146  10:01  Zergling x10  
  146  10:02  Zergling x12  
  132  10:10  Zergling x14  
  135  10:28  Zergling x30  
  146  10:40  Baneling x7  
  146  10:42  Ultralisk  
  152  10:43  Chitinous Plating  
  128  10:58  Zergling x30  
  128  10:59  Zergling x2  
  143  11:07  Drone x8  
  150  11:23  Ultralisk x2  
  162  11:39  Ultralisk  
  168  11:47  Ultralisk  
  174  11:55  Ultralisk  
  138  12:10  Zergling x2  
  138  12:11  Zergling x34  
Show
View Real Time Build Order
Export as new Build Order

McGregor Terran 

Build Orders: Reaper Expand, Bio Tank 

Get SALT Encoding   

  12  0:01  SCV  
  13  0:13  SCV  
  14  0:17  Supply Depot  
  14  0:25  SCV  
  15  0:31  Refinery  
  15  0:39  SCV  
  16  0:46  Barracks  
  16  0:51  SCV  
  17  1:03  SCV  
  18  1:15  SCV  
  19  1:32  Orbital Command  
  19  1:33  Reaper  
  20  1:46  Command Center  
  20  1:57  Factory  
  20  2:00  SCV  
  21  2:08  Barracks Reactor  
  21  2:12  Supply Depot  
  21  2:13  SCV  
  22  2:17  Refinery  
  22  2:25  SCV  
  23  2:37  SCV  
  24  2:44  Starport  
  24  2:45  Marine  
  24  2:46  Marine  
  24  2:50  SCV, Factory Tech Lab  
  27  2:58  Orbital Command  
  27  3:01  Bunker  
  28  3:09  SCV  
  29  3:14  Siege Tank  
  29  3:15  Marine  
  29  3:18  Marine  
  33  3:25  SCV x2  
  35  3:29  Medivac  
  35  3:33  Marine  
  38  3:36  Marine  
  38  3:40  Supply Depot, SCV  
  40  3:41  SCV  
  40  4:03  SCV x2  
  40  4:09  Viking, Stimpack  
  44  4:12  Command Center  
  44  4:15  SCV x2  
  46  4:26  Factory Reactor  
  46  4:30  Barracks x2  
  46  4:31  SCV x2  
  48  4:36  Marine  
  49  4:44  Starport Reactor, Refinery  
  49  4:45  Refinery  
  49  4:48  SCV x2  
  51  4:54  Supply Depot  
  51  4:57  Marine  
  47  5:01  Engineering Bay  
  47  5:02  SCV x2, Engineering Bay  
  49  5:14  SCV x2  
  49  5:18  Marine x2  
  49  5:19  Marine, Factory Tech Lab  
  54  5:26  Barracks x2  
  47  5:28  Orbital Command  
  54  5:29  SCV  
  54  5:32  SCV  
  56  5:36  Terran Infantry Weapons Level 1  
  56  5:38  Terran Infantry Armor Level 1  
  56  5:42  Marine x3  
  57  5:43  Marine  
  57  5:44  Marine  
  57  5:48  Medivac  
  63  5:51  Medivac  
  63  5:56  SCV  
  67  5:57  SCV  
  67  5:58  Supply Depot  
  67  6:02  Marine  
  67  6:03  Marine x3  
  67  6:04  Marine  
  71  6:08  Orbital Command, Siege Tank  
  71  6:10  SCV  
  71  6:11  SCV  
  77  6:14  Barracks Reactor x2  
  77  6:15  Combat Shields  
  77  6:22  Medivac x2  
  77  6:23  Marine  
  82  6:26  SCV x2  
  84  6:35  Supply Depot  
  84  6:39  Marine x3, Supply Depot  
  85  6:52  SCV  
  85  6:53  Marine x2  
  85  6:55  Marine  
  85  6:56  SCV, Marine  
  85  6:57  Marine, SCV, Medivac, Siege Tank  
  85  7:00  Marine x2  
  95  7:04  SCV  
  95  7:05  Supply Depot  
  96  7:09  Supply Depot  
  96  7:10  Armory  
  96  7:15  Marine x2  
  96  7:16  Marine x3  
  101  7:26  Marine x4  
  101  7:27  SCV x3  
  108  7:30  Supply Depot, Medivac x2  
  110  7:44  Marine x5  
  110  7:45  Marine x3, Siege Tank  
  117  7:55  Marine  
  117  7:57  SCV x3  
  119  8:02  Marine x4  
  123  8:10  Terran Infantry Weapons Level 2, Terran Infantry Armor Level 2  
  123  8:12  Factory, Refinery  
  113  8:13  Marine  
  113  8:14  Marine x4  
  113  8:15  Medivac x2  
  122  8:20  Marine  
  122  8:23  SCV x3  
  113  8:33  Barracks x2  
  112  8:34  Barracks  
  112  8:35  Marine x2  
  112  8:36  Marine x6  
  112  8:40  Siege Tank  
  114  8:50  Marine  
  114  8:52  Terran Vehicle Weapons Level 1  
  114  8:53  Marine  
  114  8:54  Supply Depot  
  116  8:57  SCV x3, Supply Depot  
  116  8:58  Supply Depot  
  119  9:09  Marine x8  
  118  9:10  Factory Tech Lab  
  118  9:11  Marine, Medivac  
  123  9:23  Marine x3  
  126  9:27  Marine x8  
  126  9:29  Marine  
  131  9:41  Marine x3  
  131  9:45  Marine x8  
  137  9:47  Marine  
  137  9:48  Medivac x2  
  137  9:49  Siege Tank x2  
  146  9:59  Marine x3  
  146  10:02  Marine  
  146  10:03  Marine x7  
  142  10:07  Marine  
  136  10:17  Marine x3  
  136  10:20  Marine x3  
  136  10:21  Marine x5  
  147  10:25  Marine  
  148  10:34  Marine  
  149  10:55  Marine x5  
  149  10:56  Marine x2, Siege Tank  
  149  10:58  Marine  
  149  11:01  Marine x2  
  149  11:02  Marine  
  149  11:15  Command Center  
  149  11:18  Marine x3  
  149  11:30  Supply Depot  
  149  11:31  Marine x2, Medivac x2  
  149  11:32  Supply Depot  
  157  11:34  Supply Depot x2  
  157  11:39  Marine x2  
  157  11:40  Barracks Tech Lab x3  
  157  11:51  Marine x2  
  157  11:52  Siege Tank x2  
  157  11:53  Marine x2  
  164  12:01  Medivac x2  
  164  12:05  Marine x6  
  164  12:07  Marine, Orbital Command  
  131  12:12  Marine  
  131  12:13  Marauder  
  131  12:14  Marauder  
  104  12:18  Marine x2  
  96  12:23  Marine x5  
  96  12:24  Siege Tank x2  
  96  12:25  Marauder  
  109  12:30  Marine  
  109  12:35  Marauder x2  
  109  12:36  Marine  
  113  12:38  SCV x3  
  116  12:50  SCV x2  
Tags
 
Add a new tag
Caveats
  • Supply blocks, unpowered buildings, or Contaminate may cause inaccurate times.
  • Supply counts are checked every 10 seconds.